| TOP OF THE 1ST |
|
Asheville Tourists batting - Pitching for Mobile Bears : RHP Ismael Sagastume
|
|
Pitching: RHP Ismael Sagastume
|
|
|
Batting: RHB Ulises Infante
|
0-0: Called Strike 0-1: Ball 1-1: Called Strike 1-2: Ground out 4-3 (Groundball, 4S, EV 88.8 MPH)
|
|
Batting: LHB Steven Morrison
|
0-0: Called Strike 0-1: Ball 1-1: SINGLE (Groundball, 34D, EV 101.9 MPH)
|
|
Batting: RHB Wes Robbins
|
0-0: Ball 1-0: Foul Ball, location: 2F 1-1: Fly out, F8 (Flyball, 8RD, EV 100.0 MPH)
|
|
Batting: LHB Donald Mazzilli
|
0-0: Ball 1-0: Ball 2-0: Called Strike 2-1: Fly out, F8 (Flyball, 89D, EV 105.6 MPH)
|
| Top of the 1st over - 0 runs, 1 hit, 0 errors, 1 left on base; Asheville 0 - Mobile 0 |
| BOTTOM OF THE 1ST |
|
Mobile Bears batting - Pitching for Asheville Tourists : RHP Stan Webb
|
|
Pitching: RHP Stan Webb
|
|
|
Batting: LHB Jeffrey Szczecinski
|
0-0: Ball 1-0: Foul Ball, location: 2F 1-1: Foul Ball, location: 2F 1-2: DOUBLE (Popup, 5D, EV 52.5 MPH)
|
|
Batting: RHB Bob Hendershot
|
0-0: Called Strike Jeffrey Szczecinski steals 3rd base 0-1: Foul Ball, location: 2F 0-2: Ground out 1-3 (Groundball, 13, EV 75.0 MPH)
|
|
Batting: LHB Franklin Stubbs
|
0-0: Foul Ball, location: 2F 0-1: Swinging Strike 0-2: Ball 1-2: Foul Ball, location: 2F 1-2: Foul Ball, location: 2F 1-2: SINGLE (Line Drive, 4M, EV 101.3 MPH) Jeffrey Szczecinski scores
|
|
Batting: SHB Dave Cochrane
|
0-0: Ball 1-0: Ball 2-0: Called Strike 2-1: Ball 3-1: Grounds into double play, 1-6-3 (Groundball, 13S, EV 73.1 MPH)
|
| Bottom of the 1st over - 1 run, 2 hits, 0 errors, 0 left on base; Asheville 0 - Mobile 1 |
| TOP OF THE 2ND |
|
Asheville Tourists batting - Pitching for Mobile Bears : RHP Ismael Sagastume
|
|
Batting: LHB Michael Wishnevski
|
0-0: Foul Ball, location: 2F 0-1: Called Strike 0-2: Ball 1-2: Fly out, F7 (Flyball, 7D, EV 102.5 MPH)
|
|
Batting: RHB Edward Petryschuk
|
0-0: Ball 1-0: Called Strike 1-1: Swinging Strike 1-2: Ball 2-2: Ball 3-2: Strikes out swinging
|
|
Batting: RHB Gareth Ledbetter
|
0-0: Called Strike 0-1: Foul Ball, location: 2F 0-2: Ball 1-2: DOUBLE (Line Drive, 89D, EV 104.4 MPH)
|
|
Batting: SHB Wayne Simmons
|
0-0: Ball 1-0: Ball 2-0: Called Strike 2-1: Ground out 4-3 (Groundball, 4, EV 82.5 MPH)
|
| Top of the 2nd over - 0 runs, 1 hit, 0 errors, 1 left on base; Asheville 0 - Mobile 1 |
| BOTTOM OF THE 2ND |
|
Mobile Bears batting - Pitching for Asheville Tourists : RHP Stan Webb
|
|
Batting: RHB Jose Aguirre
|
0-0: Called Strike 0-1: Ball 1-1: Ball 2-1: Fly out, F4 (Flyball, 34D, EV 94.4 MPH)
|
|
Batting: SHB Paul Hundhammer
|
0-0: Foul Ball, location: 2F 0-1: Ball 1-1: Fly out, F9 (Line Drive, 9, EV 100.6 MPH)
|
|
Batting: RHB Rick Stromer
|
0-0: Ground out 6-3 (Groundball, 56, EV 100.0 MPH)
|
| Bottom of the 2nd over - 0 runs, 0 hits, 0 errors, 0 left on base; Asheville 0 - Mobile 1 |
| TOP OF THE 3RD |
|
Asheville Tourists batting - Pitching for Mobile Bears : RHP Ismael Sagastume
|
|
Batting: RHB Jack Ramirez
|
0-0: Ground out 4-3 (Groundball, 4, EV 86.9 MPH)
|
|
Batting: RHB Ulises Infante
|
0-0: Ball 1-0: Called Strike 1-1: Foul Ball, location: 2F 1-2: Strikes out swinging
|
|
Batting: LHB Steven Morrison
|
0-0: Foul Ball, location: 2F 0-1: Ground out 6-3 (Groundball, 6, EV 79.4 MPH)
|
| Top of the 3rd over - 0 runs, 0 hits, 0 errors, 0 left on base; Asheville 0 - Mobile 1 |
| BOTTOM OF THE 3RD |
|
Mobile Bears batting - Pitching for Asheville Tourists : RHP Stan Webb
|
|
Batting: RHB Jim Opie
|
0-0: Ball 1-0: Called Strike 1-1: Called Strike 1-2: Strikes out swinging
|
|
Batting: RHB Alfred Welch
|
0-0: Ground out 6-3 (Groundball, 6, EV 106.9 MPH)
|
|
Batting: LHB Jeffrey Szczecinski
|
0-0: Ball 1-0: Ball 2-0: Called Strike 2-1: Ball 3-1: Fly out, F7 (Flyball, 7LS, EV 95.6 MPH)
|
| Bottom of the 3rd over - 0 runs, 0 hits, 0 errors, 0 left on base; Asheville 0 - Mobile 1 |
| TOP OF THE 4TH |
|
Asheville Tourists batting - Pitching for Mobile Bears : RHP Ismael Sagastume
|
|
Batting: RHB Wes Robbins
|
0-0: Ball 1-0: Called Strike 1-1: Ball 2-1: Foul Ball, location: 2F 2-2: Ball 3-2: Base on Balls
|
|
Batting: LHB Donald Mazzilli
|
0-0: Ball 1-0: Foul Ball, location: 2F 1-1: Fly out, F8 (Flyball, 78M, EV 85.0 MPH)
|
|
Batting: LHB Michael Wishnevski
|
0-0: Ball Wes Robbins is caught stealing 2nd base 2-6 1-0: Ball 2-0: Foul Ball, location: 2F 2-1: Ball 3-1: Base on Balls
|
|
Batting: RHB Edward Petryschuk
|
0-0: Ball 1-0: Reached on error, E6 (Groundball, 6, EV 88.1 MPH) Michael Wishnevski to second
|
|
Batting: RHB Gareth Ledbetter
|
0-0: Ball 1-0: Ball Wild Pitch! Michael Wishnevski to third Edward Petryschuk to second 2-0: Ball 3-0: Called Strike 3-1: Ground out 4-3 (Groundball, 34, EV 85.6 MPH)
|
| Top of the 4th over - 0 runs, 0 hits, 1 error, 2 left on base; Asheville 0 - Mobile 1 |
| BOTTOM OF THE 4TH |
|
Mobile Bears batting - Pitching for Asheville Tourists : RHP Stan Webb
|
|
Batting: RHB Bob Hendershot
|
0-0: Ball 1-0: Called Strike 1-1: Ball 2-1: Foul Ball, location: 2F 2-2: Ball 3-2: Ground out 2-3 (Groundball, 15S, EV 71.3 MPH)
|
|
Batting: LHB Franklin Stubbs
|
0-0: Foul Ball, location: 2F 0-1: Ball 1-1: Fly out, F9 (Line Drive, 9, EV 85.6 MPH)
|
|
Batting: SHB Dave Cochrane
|
0-0: Called Strike 0-1: Foul Ball, location: 2F 0-2: Ball 1-2: Fly out, F3 (Popup, 3SF, EV 81.9 MPH)
|
| Bottom of the 4th over - 0 runs, 0 hits, 0 errors, 0 left on base; Asheville 0 - Mobile 1 |
| TOP OF THE 5TH |
|
Asheville Tourists batting - Pitching for Mobile Bears : RHP Ismael Sagastume
|
|
Batting: SHB Wayne Simmons
|
0-0: Called Strike 0-1: Ball 1-1: Ball 2-1: Foul Ball, location: 2F 2-2: Ball 3-2: Foul Ball, location: 2F 3-2: SINGLE (Groundball, 4MS, EV 75.6 MPH) (infield hit)
|
|
Batting: RHB Jack Ramirez
|
0-0: Ball 1-0: Called Strike 1-1: Ball 2-1: Ball 3-1: Foul Ball, location: 2F 3-2: Grounds into double play, 5-4-3 (Groundball, 56, EV 84.4 MPH)
|
|
Batting: RHB Ulises Infante
|
0-0: Ball 1-0: Ball 2-0: Called Strike 2-1: Called Strike 2-2: SINGLE (Groundball, 6D, EV 103.1 MPH)
|
|
Batting: LHB Steven Morrison
|
0-0: Called Strike Ulises Infante steals 2nd base 0-1: Fly out, F7 (Flyball, 7, EV 88.1 MPH)
|
| Top of the 5th over - 0 runs, 2 hits, 0 errors, 1 left on base; Asheville 0 - Mobile 1 |
| BOTTOM OF THE 5TH |
|
Mobile Bears batting - Pitching for Asheville Tourists : RHP Stan Webb
|
|
Batting: RHB Jose Aguirre
|
0-0: Ball 1-0: Called Strike 1-1: Foul Ball, location: 2F 1-2: Ball 2-2: Strikes out looking
|
|
Batting: SHB Paul Hundhammer
|
0-0: Foul Ball, location: 2F 0-1: Swinging Strike 0-2: Ball 1-2: Ball 2-2: Strikes out swinging
|
|
Batting: RHB Rick Stromer
|
0-0: Ball 1-0: Called Strike 1-1: Ball 2-1: Foul Ball, location: 2F 2-2: Ball 3-2: Fly out, F9 (Flyball, 9D, EV 101.9 MPH)
|
| Bottom of the 5th over - 0 runs, 0 hits, 0 errors, 0 left on base; Asheville 0 - Mobile 1 |
| TOP OF THE 6TH |
|
Asheville Tourists batting - Pitching for Mobile Bears : RHP Ismael Sagastume
|
|
Batting: RHB Wes Robbins
|
0-0: Called Strike 0-1: Swinging Strike 0-2: Ball 1-2: Ground out 4-3 (Groundball, 4, EV 94.4 MPH)
|
|
Batting: LHB Donald Mazzilli
|
0-0: Foul Ball, location: 2F 0-1: Ball 1-1: Ball 2-1: Ball 3-1: Ground out 5-3 (Groundball, 56S, EV 63.8 MPH)
|
|
Batting: LHB Michael Wishnevski
|
0-0: Swinging Strike 0-1: Foul Ball, location: 2F 0-2: Strikes out swinging
|
| Top of the 6th over - 0 runs, 0 hits, 0 errors, 0 left on base; Asheville 0 - Mobile 1 |
| BOTTOM OF THE 6TH |
|
Mobile Bears batting - Pitching for Asheville Tourists : RHP Stan Webb
|
|
Batting: RHB Jim Opie
|
0-0: Ground out 6-3 (Groundball, 6, EV 92.5 MPH)
|
|
Batting: RHB Alfred Welch
|
0-0: Ball 1-0: Ball 2-0: Foul Ball, location: 2F 2-1: Ground out 1-3 (Groundball, 13S, EV 73.8 MPH)
|
|
Batting: LHB Jeffrey Szczecinski
|
0-0: Ball 1-0: Foul Ball, location: 2F 1-1: Fly out, F1 (Line Drive, P, EV 62.5 MPH)
|
| Bottom of the 6th over - 0 runs, 0 hits, 0 errors, 0 left on base; Asheville 0 - Mobile 1 |
| TOP OF THE 7TH |
|
Asheville Tourists batting - Pitching for Mobile Bears : RHP Ismael Sagastume
|
|
Batting: RHB Edward Petryschuk
|
0-0: Foul Ball, location: 2F 0-1: Swinging Strike 0-2: Ball 1-2: Foul Ball, location: 2F 1-2: Fly out, F8 (Flyball, 8RD, EV 98.1 MPH)
|
|
Batting: RHB Gareth Ledbetter
|
0-0: Called Strike 0-1: Fly out, F8 (Line Drive, 8LD, EV 86.3 MPH)
|
|
Batting: SHB Wayne Simmons
|
0-0: Ball 1-0: Called Strike 1-1: Ball 2-1: Ball 3-1: Called Strike 3-2: Ground out 4-3 (Groundball, 4M, EV 83.1 MPH)
|
| Top of the 7th over - 0 runs, 0 hits, 0 errors, 0 left on base; Asheville 0 - Mobile 1 |
| BOTTOM OF THE 7TH |
|
Mobile Bears batting - Pitching for Asheville Tourists : RHP Stan Webb
|
|
Batting: RHB Bob Hendershot
|
0-0: Called Strike 0-1: Ball 1-1: Fly out, F9 (Flyball, 9S, EV 86.3 MPH)
|
|
Batting: LHB Franklin Stubbs
|
0-0: Ball 1-0: Ball 2-0: Called Strike 2-1: Called Strike 2-2: Foul Ball, location: 2F 2-2: Ball 3-2: Strikes out looking
|
|
Batting: SHB Dave Cochrane
|
0-0: Ball 1-0: Called Strike 1-1: Ball 2-1: Foul Ball, location: 2F 2-2: Ball 3-2: SOLO HOME RUN (Flyball, 89XD, EV 90.6 MPH), Distance : 439 ft
|
|
Batting: RHB Jose Aguirre
|
0-0: Ball 1-0: Called Strike 1-1: Ball 2-1: Foul Ball, location: 2F 2-2: Foul Ball, location: 2F 2-2: Ball 3-2: Foul Ball, location: 2F 3-2: DOUBLE (Flyball, 8RXD, EV 101.9 MPH)
|
|
Batting: SHB Paul Hundhammer
|
0-0: Ball 1-0: Ball 2-0: Foul Ball, location: 2F 2-1: Swinging Strike 2-2: Foul Ball, location: 2F 2-2: Ball 3-2: Foul Ball, location: 2F 3-2: Base on Balls
|
|
Batting: RHB Rick Stromer
|
0-0: Ball 1-0: Ball 2-0: Foul Ball, location: 2F 2-1: Foul Ball, location: 2F 2-2: Foul Ball, location: 2F 2-2: Strikes out swinging
|
| Bottom of the 7th over - 1 run, 2 hits, 0 errors, 2 left on base; Asheville 0 - Mobile 2 |
| TOP OF THE 8TH |
|
Asheville Tourists batting - Pitching for Mobile Bears : RHP Ismael Sagastume
|
|
Batting: RHB Jack Ramirez
|
0-0: Ball 1-0: DOUBLE (Groundball, 5L, EV 103.1 MPH)
|
|
Batting: RHB Ulises Infante
|
0-0: Ball 1-0: Called Strike 1-1: SINGLE (Flyball, 4MD, EV 93.1 MPH) Jack Ramirez to third
|
|
Batting: LHB Steven Morrison
|
0-0: Ball 1-0: Ball 2-0: Called Strike 2-1: Ball 3-1: Called Strike 3-2: Fielders Choice at 2nd, 4-6 (Groundball, 34, EV 77.5 MPH) Jack Ramirez scores
|
|
Batting: RHB Wes Robbins
|
0-0: Ball 1-0: Ball 2-0: Foul Ball, location: 2F 2-1: Ball 3-1: Fielders Choice at 2nd, 3-6 (Groundball, 3, EV 78.8 MPH)
|
|
Batting: LHB Donald Mazzilli
|
0-0: Ball 1-0: Called Strike 1-1: Ball 2-1: Foul Ball, location: 2F 2-2: Fly out, F8 (Line Drive, 8LM, EV 90.0 MPH)
|
| Top of the 8th over - 1 run, 2 hits, 0 errors, 1 left on base; Asheville 1 - Mobile 2 |
| BOTTOM OF THE 8TH |
|
Mobile Bears batting - Pitching for Asheville Tourists : RHP Stan Webb
|
|
Batting: RHB Jim Opie
|
0-0: Ball 1-0: Ball 2-0: Fly out, F7 (Flyball, 78S, EV 75.0 MPH)
|
|
Batting: RHB Alfred Welch
|
0-0: Ball 1-0: Foul Ball, location: 2F 1-1: Swinging Strike 1-2: Strikes out looking
|
|
Batting: LHB Jeffrey Szczecinski
|
0-0: Ball 1-0: Foul Ball, location: 2F 1-1: Ball 2-1: Fly out, F9 (Flyball, 9D, EV 86.3 MPH)
|
| Bottom of the 8th over - 0 runs, 0 hits, 0 errors, 0 left on base; Asheville 1 - Mobile 2 |
| TOP OF THE 9TH |
|
Asheville Tourists batting - Pitching for Mobile Bears : RHP Ismael Sagastume
|
|
Pitching: RHP Dave S Smith
|
|
|
Now in LF: Ken Smith
|
|
|
Batting: LHB Michael Wishnevski
|
0-0: Ball 1-0: Ball 2-0: Called Strike 2-1: Ground out 4-3 (Groundball, 4, EV 89.4 MPH)
|
|
Batting: RHB Edward Petryschuk
|
0-0: Ball 1-0: Swinging Strike 1-1: Foul Ball, location: 2F 1-2: Foul Ball, location: 2F 1-2: Strikes out swinging
|
|
Batting: RHB Gareth Ledbetter
|
0-0: Foul Ball, location: 2F 0-1: Ball 1-1: Ball 2-1: Foul Ball, location: 2F 2-2: Foul Ball, location: 2F 2-2: Foul Ball, location: 2F 2-2: Foul Ball, location: 2F 2-2: Foul Ball, location: 2F 2-2: Foul Ball, location: 2F 2-2: Ball 3-2: Base on Balls
|
|
Pinch Hitting: RHB Mike Garcia
|
0-0: Ball 1-0: Ball 2-0: Foul Ball, location: 2F 2-1: Swinging Strike 2-2: Strikes out swinging
|
| Top of the 9th over - 0 runs, 0 hits, 0 errors, 1 left on base; Asheville 1 - Mobile 2 |
|